 Dungeon Crawl Stone Soup version 0.31.0-12-g77e489cdc1 (webtiles) character file.

Game seed: 6137255900637011762

10 BigDaddyOpFi the Shield-Bearer (level 2, -1/21 HPs)
             Began as an Octopode Fighter on Feb 22, 2024.
             Slain by a quokka (3 damage)
             ... on level 1 of the Dungeon.
             The game lasted 00:00:15 (91 turns).

BigDaddyOpFi the Shield-Bearer (Octopode Fighter)     Turns: 91, Time: 00:00:16

Health: -1/21      AC:  1    Str: 15    XL:     2   Next: 20%
Magic:  2/2        EV: 13    Int: 10    God:
Gold:   11         SH:  4    Dex: 11    Spells: 1/1 levels left

rFire   . .          .
                       - Unarmed
rCold   . . .        a - +0 buckler
rNeg    . . .        (helmet restricted)
rPois   .            (no amulet)
rElec   .            (no ring)
rCorr   .            (no ring)
SInv    .            (no ring)
Will    .....        (no ring)
Stlth   ++           (no ring)
HPRegen 0.23/turn    (no ring)
MPRegen 0.08/turn    (no ring)
                     (no ring)

%: no passive effects
@: no status effects
A: almost no armour, amphibious, 8 rings, camouflage 1, gelatinous body 1,
(nimble swimmer 1), tentacles
a: no special abilities


You were on level 1 of the Dungeon.
You visited 1 branch of the dungeon, and saw 1 of its levels.

You collected 11 gold pieces.

Inventory:

Armour
 a - a +0 buckler (worn)
Potions
 b - a potion of might


   Skills:
 + Level 3.1 Fighting
 + Level 3.1 Dodging
 + Level 3.1 Shields
 * Level 2.2 Unarmed Combat


You had one spell level left.
You didn't know any spells.
Your spell library was empty.

Dungeon Overview and Level Annotations

Branches:
Dungeon (1/15)

Altars:


Innate Abilities, Weirdness & Mutations

You cannot wear most types of armour.
You are amphibious.
You can wear up to eight rings at the same time.
Your skin changes colour to match your surroundings (Stealth+).
Your rubbery body absorbs attacks. (AC +1, EV +1)
((You are camouflaged when in or above water. (Stealth+)))
You have tentacles for arms and can constrict up to eight enemies at once.


Message History

You are too injured to fight recklessly!
You are too injured to fight recklessly!
You are too injured to fight recklessly!
You are too injured to fight recklessly!
You are too injured to fight recklessly!
You are too injured to fight recklessly!
You are too injured to fight recklessly!
You are too injured to fight recklessly!
You are too injured to fight recklessly!
You are too injured to fight recklessly!
You are too injured to fight recklessly!
Unknown command.
The jackal closely misses you. The jackal attacks as it pursues you!
The jackal misses you. The jackal attacks as it pursues you!
The jackal misses you.
The frilled lizard bites you but does no damage.
The jackal closely misses you.
A quokka comes into view.
The goblin closely misses you.
You tentacle-slap the jackal but do no damage.
Your grab misses the jackal. The goblin hits you with a +0 club.
You barely miss the jackal. Your grab misses the jackal.
The jackal is lightly wounded.
You block the jackal's attack. The jackal completely misses you.
The jackal barely misses you. x2; The goblin hits you with a +0 club.
* * * LOW HITPOINT WARNING * * *
You closely miss the jackal. Your grab misses the jackal.
The jackal is lightly wounded.
The jackal misses you. The jackal bites you.
* * * LOW HITPOINT WARNING * * *
The goblin barely misses you. The jackal bites you.
* * * LOW HITPOINT WARNING * * *
The jackal misses you. The quokka attacks as it pursues you!
The quokka misses you.
The jackal bites you but does no damage.
The quokka attacks as it pursues you! You block the quokka's attack.
The jackal closely misses you. The quokka attacks as it pursues you!
The quokka bites you.
You die...

#..#. #.........†.......#
.##...#####.................#
.......†.h.........[........#
............#...............#
##.....##...................
#....#..l##.......#.###....
##.....g#####......#.. ....
..........h####...###.8 ....
.........h.r@........... ....
###...#######.....#. ...##
.....# ...# .....# ...
....... .. ...#... ...#...
...# ##


You could see a quokka, 2 jackals and a goblin.

Vanquished Creatures
  A bat (D:1)
  An endoplasm (D:1)
  A giant cockroach (D:1)
  A goblin (D:1)
  A hobgoblin (D:1)
  2 jackals (D:1)
  A kobold (D:1)
8 creatures vanquished.

Notes
Turn   | Place    | Note
-------+----------+-------------------------------------------
     0 | D:1      | BigDaddyOpFi the Octopode Fighter began the quest for the
                  | Orb.
     0 | D:1      | Reached XP level 1. HP: 16/16 MP: 1/1
    59 | D:1      | Reached XP level 2. HP: 20/21 MP: 2/2
    86 | D:1      | HP: 1/21 [jackal (3)]
    91 | D:1      | Slain by a quokka

Illustrated notes

Levels and vault maps discovered:
D:1:      dpeg_arrival_tiny_h, layout_rooms, serial_bayou_pond_b,
          minmay_misc_feat_x, kennysheep_another_room, minmay_pentomino_v4

Action                     || total
---------------------------++-------
  Melee: Unarmed           ||    21
         Tentacles         ||     5
         Constrict         ||     3
         Punch             ||     2
 Armour: Skin              ||    20
  Dodge: Dodged            ||    27
  Block: Buckler           ||     8
